 Dungeon Crawl Stone Soup version 0.16.3-4-gc506b73efe (webtiles) character file.

6917 faibistes the Thaumaturge (level 10, -7/50 HPs)
             Began as a Deep Elf Wizard on Apr 9, 2024.
             Mangled by a hill giant
             ... wielding a +0 giant spiked club
              (25 damage)
             ... on level 9 of the Dungeon.
             The game lasted 00:36:28 (12572 turns).

faibistes the Thaumaturge (Deep Elf Wizard)        Turns: 12572, Time: 00:36:29

Health: -7/50      AC: 10    Str:  4    XL:     10   Next: 79%
Magic:  25/33      EV: 17    Int: 27    God:
Gold:   614        SH:  0    Dex: 13    Spells: 7 memorised, 16 levels left

rFire  . . .     SeeInvis +     j - +0 dagger (venom)
rCold  . . .     Clarity  .     R - +0 robe {MR+}
rNeg   . . .     SustAb   .     (no shield)
rPois  .         Gourm    .     b - +1 hat
rElec  .         Spirit   .     J - +0 cloak
rCorr  .         Warding  .     M - +1 pair of gloves
rMut   +         Stasis   .     G - +0 pair of boots
MR     ++...                    I - amulet of resist mutation
Stlth  ++........               A - ring of see invisible
                                O - +3 ring of protection

@: repel missiles, very resistant to hostile enchantments, unstealthy
A: no striking features
a: no special abilities


You were on level 9 of the Dungeon.
You were hungry.

You visited 2 branches of the dungeon, and saw 12 of its levels.
You also visited: Sewer.

You collected 614 gold pieces.

Inventory:

Hand weapons
 g - a +0 dagger
 j - a +0 dagger of venom (weapon)
 L - a +0 dagger of electrocution
Armour
 b - a +1 hat (worn)
 G - a +0 pair of boots (worn)
 J - a +0 cloak (worn)
 M - a +1 pair of gloves (worn)
 R - a +0 robe of magic resistance (worn)
Jewellery
 r - an uncursed ring of flight
 A - a ring of see invisible (right hand)
 I - an amulet of resist mutation (around neck)
 O - a +3 ring of protection (left hand)
Magical devices
 l - a wand of disintegration (14)
 w - a wand of confusion (15)
 K - a wand of fire (9)
 N - a wand of cold (12)
Scrolls
 n - 2 scrolls of enchant armour
 q - 3 scrolls of remove curse
 s - 4 scrolls of teleportation
 u - a scroll of amnesia
 y - a scroll of fog
 C - a scroll of magic mapping
 E - 2 scrolls of fear
 S - a scroll of identify
 T - a scroll of vulnerability {unknown}
Potions
 e - 5 potions of curing
 i - a potion of resistance
 k - 2 potions of magic
 m - 2 potions of restore abilities
 o - 4 potions of haste
 p - 3 potions of brilliance
 t - 2 potions of agility
 x - a potion of might
 z - 2 potions of heal wounds {unknown}
 B - a potion of degeneration {unknown}
 D - a potion of mutation {unknown}
 P - a potion of ambrosia {unknown}
Books
 c - a book of Minor Magic

   Spells                             Type                      Level
   a - Magic Dart                     Conjuration                  1
   b - Blink                          Translocation                2
   c - Call Imp                       Summoning                    2
   d - Repel Missiles                 Charms/Air                   2
   e - Slow                           Hexes                        2
   f - Conjure Flame                  Conjuration/Fire             3
   g - Mephitic Cloud                 Conjuration/Poison/Air       3
 f - a book of Frost

   Spells                             Type                      Level
   a - Freeze                         Ice                          1
   b - Throw Frost                    Conjuration/Ice              2
   c - Ozocubu's Armour               Charms/Ice                   3
   d - Throw Icicle                   Conjuration/Ice              4
   e - Summon Ice Beast               Ice/Summoning                4
   f - Condensation Shield            Ice                          4
 H - an Akashic Record {highlevel, unknown}

   This book is beyond your current level of understanding.

   Spells                             Type                      Level
   a - Dispersal                      Translocation                6
   b - Controlled Blink               Translocation                7
   c - Malign Gateway                 Summoning/Translocation      7
   d - Disjunction                    Translocation                8
   e - Singularity                    Translocation                9
Comestibles
 d - 9 bread rations
 h - 2 fruits
 v - 4 meat rations
 F - 8 beef jerkies
 Q - a royal jelly


   Skills:
 * Level 9.3 Dodging
 - Level 2.4 Stealth
 * Level 12.2 Spellcasting
 + Level 6.9 Conjurations
 - Level 1.1 Summonings
 - Level 2.6 Translocations
 * Level 4.4 Ice Magic
 - Level 4.2 Air Magic
 - Level 3.1 Poison Magic
 * Level 8.0 Evocations


You had 16 spell levels left.
You knew the following spells:

 Your Spells              Type           Power        Failure   Level  Hunger
a - Magic Dart            Conj           ####         1%          1    None
b - Conjure Flame         Conj/Fire      #####...     2%          3    None
c - Call Imp              Summ           ###.....     3%          2    None
d - Blink                 Tloc           N/A          1%          2    None
e - Mephitic Cloud        Conj/Pois/Air  #####...     1%          3    None
f - Repel Missiles        Chrm/Air       ####..       1%          2    None
x - Throw Icicle          Conj/Ice       #####...     3%          4    None


Dungeon Overview and Level Annotations

Branches:
Dungeon (11/15)            Temple (1/1) D:5
   Lair: D:8-11         Orc: D:9-12

Altars:
Ashenzari
Cheibriados
Dithmenos
Elyvilon
Fedhas
Gozag
Kikubaaqudgha
Makhleb
Nemelex Xobeh
Okawaru
Qazlal
Ru
Trog
Vehumet
Xom
Yredelemnul
Zin
The Shining One

Shops:
D:10 }


Message History

Press: ? - help, Dir - move target cursor The fire roars!
The hill giant is engulfed in roaring flames.
Casting: Conjure Flame
Confirm with . or Enter, or press ? or * to list all spells.
Aiming: Conjure Flame
Press: ? - help, Dir - move target cursor The fire roars!
The hill giant is engulfed in roaring flames.
You hit the hill giant.
The hill giant is heavily wounded.
The hill giant is engulfed in roaring flames.
The hill giant hits you with a giant spiked club!!
You hit the hill giant.
The hill giant is poisoned.
The hill giant is severely wounded.
You are feeling hungry.
The hill giant is engulfed in roaring flames.
The hill giant hits you with a giant spiked club!!
Ouch! That really hurt!
You die...

#.......[....#)...........
###.........##............
###......####..........#
###......## ##...#...###
###.........# ##..#####
#........§..# #...#
#######..§..## ##..##
#..C...# ##..# #..@...##
#..## #.......# ##..#
##.......######.[##
#.................##
#..................##
##...###......).......
##....#####.)..........
#.......###........#...
####.........##.....##....


You could see a hill giant.

Vanquished Creatures
  A hill giant (D:7)
  A two-headed ogre (D:9)
  6 yaks (D:9)
  Eustachio (D:5)
  Edmund (D:9)
  Menkaure (D:5)
  2 hungry ghosts
  2 orc warriors
  2 ice beasts
  A water moccasin (D:7)
  Purgy (Sewer)
  6 centaurs
  2 crocodiles
  7 ogres
  An eye of draining (D:10)
  A wasp (D:10)
  A big kobold (D:8)
  8 giant frogs
  A scorpion (D:8)
  8 killer bees
  2 goliath beetles
  3 wights (D:8)
  4 crimson imps
  4 hounds
  4 orc priests
  3 giant frog zombies
  2 quasits
  A jelly (D:9)
  A giant frog skeleton (D:6)
  6 iguanas
  13 orc wizards
  5 worker ants
  2 hound skeletons
  A mummy (D:8)
  A worker ant zombie (D:11)
  12 adders
  7 gnolls
  2 shadow imps
  A white imp (D:5)
  5 worms
  2 adder skeletons (D:5)
  9 giant geckos
  3 oozes
  36 orcs
  3 ball pythons
  18 bats
  14 goblins
  6 hobgoblins
  12 jackals
  20 kobolds
  5 quokkas
  2 giant newts
  An orc zombie (D:7)
  10 rats
274 creatures vanquished.

Vanquished Creatures (collateral kills)
  A giant frog (D:8)
  A bat zombie (D:5)
  A kobold (D:8)
  A rat (D:8)
4 creatures vanquished.

Vanquished Creatures (others)
  A crimson imp (D:7)
  2 giant spores (D:9)
3 creatures vanquished.

Grand Total: 281 creatures vanquished

Notes
Turn   | Place    | Note
--------------------------------------------------------------
     0 | D:1      | faibistes, the Deep Elf Wizard, began the quest for the Orb.
     0 | D:1      | Reached XP level 1. HP: 10/10 MP: 6/6
   365 | D:1      | Reached XP level 2. HP: 15/15 MP: 7/9
   369 | D:1      | Learned a level 2 spell: Blink
   372 | D:1      | Learned a level 2 spell: Call Imp
   978 | D:1      | Reached skill level 5 in Spellcasting
   978 | D:1      | Reached XP level 3. HP: 19/19 MP: 10/14
   983 | D:1      | Learned a level 3 spell: Conjure Flame
   987 | D:1      | Learned a level 3 spell: Mephitic Cloud
  1449 | D:3      | Found a glowing drain.
  1484 | Sewer    | Entered a sewer
  1541 | Sewer    | Noticed Purgy
  1557 | Sewer    | Killed Purgy
  1557 | Sewer    | Reached skill level 6 in Spellcasting
  1557 | Sewer    | Reached XP level 4. HP: 24/24 MP: 9/18
  1557 | Sewer    | Reached XP level 5. HP: 28/28 MP: 10/20
  1561 | Sewer    | Learned a level 2 spell: Repel Missiles
  2419 | D:2      | Found a shattered altar of Ashenzari.
  2879 | D:5      | Entered Level 5 of the Dungeon
  3147 | D:4      | Reached XP level 6. HP: 32/32 MP: 15/22
  3182 | D:4      | Noticed an ogre
  3208 | D:4      | Killed an ogre
  3208 | D:4      | Reached skill level 7 in Spellcasting
  4088 | D:5      | Noticed Menkaure
  4099 | D:5      | Killed Menkaure
  4099 | D:5      | Reached skill level 1 in Air Magic
  4099 | D:5      | Reached skill level 1 in Poison Magic
  4099 | D:5      | Reached XP level 7. HP: 11/36 MP: 11/25
  4337 | D:5      | Noticed Eustachio
  4504 | D:5      | Killed Eustachio
  4504 | D:5      | Reached skill level 8 in Spellcasting
  4658 | D:5      | Found a staircase to the Ecumenical Temple.
  4667 | Temple   | Entered the Ecumenical Temple
  4914 | D:5      | Reached skill level 5 in Conjurations
  5147 | D:5      | Noticed a centaur
  5162 | D:5      | Killed a centaur
  5391 | D:6      | Reached XP level 8. HP: 41/41 MP: 21/27
  5630 | D:6      | Found a shattered altar of Ashenzari.
  5636 | D:6      | Reached skill level 5 in Dodging
  6293 | D:7      | Reached skill level 9 in Spellcasting
  6704 | D:7      | Reached skill level 1 in Evocations
  7085 | D:7      | Reached XP level 9. HP: 45/45 MP: 23/29
  7223 | D:7      | Reached skill level 10 in Spellcasting
  7239 | D:7      | Found an opulent altar of Gozag.
  7675 | D:8      | Noticed a hill giant
  7911 | D:7      | Found a blossoming altar of Fedhas.
  8115 | D:7      | Killed a hill giant
  8226 | D:8      | Reached skill level 5 in Evocations
  8456 | D:8      | Reached skill level 11 in Spellcasting
  8720 | D:10     | Entered Level 10 of the Dungeon
  9021 | D:8      | Learned a level 4 spell: Throw Icicle
  9728 | D:8      | Reached XP level 10. HP: 50/50 MP: 24/32
  9805 | D:8      | Reached skill level 1 in Ice Magic
 10056 | D:8      | Found a glowing silver altar of Zin.
 10059 | D:8      | Found a white marble altar of Elyvilon.
 10060 | D:8      | Found a glowing golden altar of the Shining One.
 10204 | D:9      | Noticed Edmund
 10213 | D:9      | Killed Edmund
 12136 | D:10     | Found Ywiwil's Gadget Boutique.
 12226 | D:10     | Reached skill level 12 in Spellcasting
 12534 | D:11     | Noticed a hill giant
 12572 | D:9      | Mangled by a hill giant

Action                   |  1- 3 |  4- 6 |  7- 9 | 10-12 || total
-------------------------+-------+-------+-------+-------++-------
Melee: Dagger            |     1 |    12 |    65 |    63 ||   141
 Cast: Magic Dart        |    88 |   160 |   399 |   150 ||   797
       Conjure Flame     |     2 |     2 |    33 |    17 ||    54
       Mephitic Cloud    |       |     6 |    30 |    24 ||    60
       Repel Missiles    |       |     1 |     2 |       ||     3
       Call Imp          |       |       |     7 |       ||     7
       Blink             |       |       |     8 |     3 ||    11
       Throw Icicle      |       |       |     4 |    32 ||    36
  Use: Scroll            |     5 |     5 |     7 |     2 ||    19
       Potion            |     1 |       |     1 |       ||     2
 Stab: Confused          |       |     1 |     2 |     5 ||     8
  Eat: Chunk             |     2 |     7 |    17 |     8 ||    34
       Fruit             |       |       |     1 |       ||     1
